AoeStats
← FlyingShrimp500

Nomad

510215160Analyzed
4v4 RM · 16h ago on Sep 30, 2026· 48m 30s· 8 players
Game mode
Random Map
Map size
231×231
Population
200
Speed
Normal
Resources
Standard
Victory
Conquest
Starting age
Dark Age
Ending age
Imperial Age
RankedLock teamsTeams togetherTeam positionsShared explorationLock speedFull tech treeHidden civsTurbo modeCheats
Victory
Defeat
🇺🇸 Ethiopians · United States
787
+12
🇺🇸 Japanese · United States
756
+14
🇺🇸 Franks · United States
730
+15
🇺🇸 Huns · United States
726
+15
🇳🇿 Huns · New Zealand
772
-17
🇺🇸 Mongols · United States
723
-15
🇦🇷 Vikings · Argentina
687
-13
🇺🇸 Inca · United States
624
-11
drtySASQUATCH69
8:04 Loom
29:25 Feudal Age
30:12 Horse Collar
31:11 Wheelbarrow
30:25 Double-Bit Axe
30:34 Gold Mining
33:26 Forging
33:09 Fletching
33:19 Padded Archer Armor
34:02 Stone Mining
34:32 Forging
34:28 Scale Barding Armor
35:02 Bloodlines
35:14 Fishing Lines
37:44 Castle Age
41:31 Husbandry
41:42 Heavy Plow
44:25 Hand Cart
Hitman4Hire24
7:17 Loom
19:31 Feudal Age
20:52 Wheelbarrow
20:14 Town Watch
22:07 Horse Collar
22:14 Double-Bit Axe
24:25 Gold Mining
24:27 Stone Mining
25:03 Champi Runner
25:39 Champi Runner
26:05 Arson
28:11 Forging
28:02 Scale Mail Armor
28:02 Padded Archer Armor
29:16 Fletching
34:32 Castle Age
35:46 Town Patrol
35:50 Heavy Plow
35:51 Bodkin Arrow
38:58 Iron Casting
37:55 Elite Skirmisher
41:12 Hand Cart
42:37 Gold Shaft Mining
42:13 Bow Saw
42:39 Stone Shaft Mining
42:23 Chain Mail Armor
45:06 Murder Holes
44:52 Treadmill Crane
47:04 Andean Sling
DK3175
15:51 Feudal Age
20:51 Castle Age
19:43 Double-Bit Axe
25:33 Marauders
26:36 Wheelbarrow
26:04 Horse Collar
26:41 Bow Saw
27:34 Heavy Plow
28:16 Bloodlines
29:46 Hand Cart
30:17 Forging
30:14 Scale Barding Armor
30:50 Husbandry
31:34 Iron Casting
32:35 Chain Barding Armor
38:01 Imperial Age
40:26 Conscription
41:43 Elite Tarkan
44:36 Blast Furnace
Musaf
20:50 Feudal Age
21:49 Fishing Lines
21:52 Horse Collar
25:27 Man-at-Arms
25:54 Arson
27:35 Stone Mining
27:36 Gold Mining
31:35 Forging
31:25 Scale Mail Armor
33:37 Castle Age
31:45 Double-Bit Axe
33:29 Scale Barding Armor
33:14 Fletching
33:24 Padded Archer Armor
35:37 Iron Casting
35:17 Chain Mail Armor
35:08 Heavy Plow
35:20 Bow Saw
35:48 Gold Shaft Mining
35:06 Gillnets
36:03 Bodkin Arrow
36:23 Leather Archer Armor
35:58 Town Watch
36:01 Loom
36:51 Squires
36:11 Pikeman
37:44 Chieftains
38:09 Murder Holes
38:25 Fortified Wall
38:38 Ballistics
37:59 Treadmill Crane
38:30 Masonry
44:13 Town Patrol
48:32 Imperial Age
mm787
13:48 Feudal Age
14:16 Loom
14:28 Man-at-Arms
15:39 Double-Bit Axe
19:38 Wheelbarrow
22:06 Castle Age
20:03 Horse Collar
21:16 Forging
23:56 Fletching
24:07 Padded Archer Armor
24:22 Bow Saw
24:06 Gold Mining
24:41 Bodkin Arrow
24:28 Crossbowman
26:07 Stone Mining
27:52 Leather Archer Armor
29:17 Ballistics
29:47 Thumb Ring
35:30 Gold Shaft Mining
37:33 Imperial Age
35:28 Murder Holes
37:41 Scale Mail Armor
38:16 Iron Casting
39:32 Hand Cart
39:02 Town Watch
40:34 Arbalester
42:51 Bracer
43:22 Ring Archer Armor
43:17 Capped Ram
46:17 Masonry
47:48 Chain Mail Armor
48:02 Elite Shotel Warrior
FlyingShrimp500
21:35 Feudal Age
22:21 Fishing Lines
23:39 Double-Bit Axe
27:30 Gold Mining
30:03 Castle Age
31:55 Caravan
31:48 Stone Mining
32:40 Gold Shaft Mining
34:02 Gillnets
35:03 Scale Barding Armor
35:09 Forging
37:06 Chain Barding Armor
37:22 Iron Casting
37:34 Marauders
40:32 Imperial Age
39:00 Wheelbarrow
39:58 Husbandry
40:10 Bloodlines
41:34 Conscription
40:39 Elite Tarkan
pjc013
8:52 Loom
19:29 Feudal Age
22:53 Gold Mining
22:57 Double-Bit Axe
26:24 Stone Mining
28:37 Castle Age
33:31 Forging
33:27 Scale Barding Armor
40:49 Husbandry
deadpandessert
18:06 Feudal Age
18:33 Fishing Lines
19:20 Double-Bit Axe
26:27 Castle Age
24:50 Gold Mining
24:51 Stone Mining
27:26 Medium Warships
28:45 Bow Saw
29:13 Gold Shaft Mining
28:38 Gillnets
29:19 Bloodlines
30:00 Husbandry
31:47 Wheelbarrow
32:34 Elite Skirmisher
33:42 Pikeman
34:24 Squires
39:11 Scale Barding Armor
39:18 Forging
39:09 Scale Mail Armor
41:56 Imperial Age
38:51 Man-at-Arms
39:16 Gambesons
40:56 Long Swordsman
43:23 Clinker Construction
43:25 Careening
44:14 Heavy Warships
44:14 Caravan
45:01 Treadmill Crane
45:42 Dry Dock
Connection lost

Rejoining the realm…

Still unreachable

The connection could not be restored.

Session expired

The server has moved on; the page needs a fresh start.